 Dungeon Crawl Stone Soup version 0.27.1-4-g1640c2035a (webtiles) character file.

Game seed: 6622739224845853741

37 Skeral the Grasshopper (level 3, 0/23 HPs)
             Began as a Gargoyle Warper on Nov 18, 2021.
             Slain by Natasha (7 damage)
             ... on level 1 of the Dungeon.
             The game lasted 00:05:29 (956 turns).

Skeral the Grasshopper (Gargoyle Warper)             Turns: 956, Time: 00:05:30

Health: 0/23       AC:  6    Str: 14    XL:     3   Next: 41%
Magic:  6/6        EV: 11    Int: 14    God:
Gold:   0          SH:  0    Dex:  9    Spells: 7/7 levels left

rFire    . . .     SeeInvis +   a - +0 falchion
rCold    . . .     Faith    .   (no shield)
rNeg     + . .     Spirit   .   b - +0 leather armour
rPois    ∞         Reflect  .   (no helmet)
rElec    +         Harm     .   (no cloak)
rCorr    .         Rampage  .   (no gloves)
Will     .....                  (no boots)
Stlth    +.........             (no amulet)
HPRegen  0.07/turn              v - ring of see invisible
MPRegen  0.10/turn              (no ring)

@: slowed, very slow
A: sickness immunity, AC +3, negative energy resistance 1, electricity
resistance, torment resistance 1, petrification resistance
a: no special abilities


You were on level 1 of the Dungeon.
You visited 1 branch of the dungeon, and saw 2 of its levels.


Innate Abilities, Weirdness & Mutations

You are immune to sickness and miasma.
Your stone body is resilient. (AC +3)
You are immune to poison.
You resist negative energy. (rN+)
You are resistant to electric shocks. (rElec)
You are resistant to unholy torment.
You are immune to petrification.


   Skills:
 + Level 3.0 Fighting
 - Level 1.7 Long Blades
 - Level 0.8 Throwing
 - Level 1.1 Armour
 - Level 1.5 Dodging
 + Level 2.5 Spellcasting
 + Level 3.1 Translocations


You had 7 spell levels left.
You didn't know any spells.
Your spell library contained the following spells:

 Spells                   Type           Power      Damage    Failure   Level
 Blink                    Tloc           N/A        N/A       12%         2
 Gell's Gravitas          Tloc           5%         N/A       22%         3
 Lesser Beckoning         Tloc           5%         N/A       22%         3
 Teleport Other           Tloc           10%        N/A       22%         3
 Manifold Assault         Tloc           10%        N/A       91%         5

Inventory:

Hand Weapons
 a - a +0 falchion (weapon)
Missiles
 d - a boomerang of dispersal (quivered) {=f!f}
Armour
 b - a +0 leather armour (worn)
Jewellery
 v - a ring of see invisible (left hand)
   (You found it on level 1 of the Dungeon)
Scrolls
 c - a scroll of blinking {!r}
 e - 2 scrolls of teleportation {unknown}
 f - a scroll of holy word {unknown}
Potions
 g - a potion of flight {unknown}
 h - a potion of haste {unknown}
 i - a potion of heal wounds {unknown}

Dungeon Overview and Level Annotations

Branches:
Dungeon (2/15)

Altars:

Annotations:
D:1 Natasha

..###..#...#.............#..###..
...##...........##....##...###...
...##.##....####.##......#####...
....##.........#........#..##...#
.....#######....#....##.#.##....#
......####...#....#...#####....##
..#.....###.#........####.....##
..##.(...####.......####.....##
..####.....#####@#####.....######
..#####......w.h.................
####.........5......)...#..†..###
#......>#####..............'..
####.....### #.#####........###
+.....##.# ####'## #........#
.####.##.# #.....# #........##
...##.##.# #.....# ####......#
...##.##.# #...(.# ######.##


You could see a worm, Natasha and a white imp (summoned).


Message History

There is a faded altar of an unknown god here.
A jackal comes into view.
The jackal barks!
The jackal bites you but does no damage.
You hit the jackal.
The jackal bites you but does no damage.
The jackal closely misses you.
You riposte.
You hit the jackal.
You kill the jackal!
Your Fighting skill increases to level 3! 😎 HP[+1]
You now have 23 max hp (+1).
Your hp is fully restored (23).
You see here a jackal corpse.
You open the door.
There is an open door here.
You open the door.
There is an open door here.
A rat comes into view.
The rat barely misses you.
You completely miss the rat. The rat closely misses you. x2
You slash the rat!
You kill the rat!
You see here a +0 robe.
You open the door.
There is an open door here.
There is a stone staircase leading down here.
You climb downwards.
There is a stone staircase leading up here.
A worm comes into view.
The worm moves out of view.
Natasha, Servant of Life and Death comes into view.
Natasha hisses angrily.
Natasha casts a spell at you. You resist with significant effort.
There is a stone staircase leading up here.
Natasha wildly gestures.
Natasha's front paws start to glow.
Natasha stares at you and mumbles some strange words.
You resist with significant effort.
Throw: 4 boomerangs (disperse) {=f!f}
Press: ? - help, Q - select action Shift-Dir - straight line, f - Natasha
Aim: Natasha (45% to hit)
You throw a boomerang of dispersal {=f!f}.
The boomerang of dispersal {=f!f} misses Natasha.
Throw: 3 boomerangs (disperse) {=f!f}
Press: ? - help, Q - select action Shift-Dir - straight line, f/p - Natasha
Aim: Natasha (45% to hit)
You throw a boomerang of dispersal {=f!f}.
The boomerang of dispersal {=f!f} barely misses Natasha.
Natasha casts a spell at you.
You feel yourself slow down.
Okay, then.
Throw: 2 boomerangs (disperse) {=f!f}
Press: ? - help, Q - select action Shift-Dir - straight line, f/p - Natasha
Aim: Natasha (45% to hit)
You throw a boomerang of dispersal {=f!f}.
The boomerang of dispersal {=f!f} closely misses Natasha.
Natasha closely misses you.
You barely miss Natasha. Natasha misses you. Natasha completely misses you.
That's the wrong kind of item! (Use * to select it.) Fire/throw which item? (* to show all) (? for menu, Esc to quit)
Okay, then.
Really fire
d - a boomerang of dispersal {=f!f}?
There are monsters nearby!
Unknown command.
You hit Natasha but do no damage. Natasha casts a spell at you.
You resist with significant effort. Natasha claws you. 😕 HP[-4]
You take 4 damage, and now have 19/23 hp.
You miss Natasha. Natasha casts a spell at you.
You feel as though you will be slow longer.
The worm closely misses you.
You riposte.
You slash the worm! You hit Natasha. Natasha claws you. Natasha misses you.
The worm barely misses you. 😮 HP[-2]
You take 2 damage, and now have 17/23 hp.
You hit Natasha. Natasha casts a spell at you.
You feel as though you will be slow longer.
The worm bites you. Natasha claws you.
* * * LOW HITPOINT WARNING * * *
😨 HP[-8]
You take 8 damage, and now have 9/23 hp.
MASSIVE DAMAGE!! (PAUSE) Natasha casts a spell at you.
You feel as though you will be slow longer.
The worm bites you.
* * * LOW HITPOINT WARNING * * *
Natasha barely misses you.
You climb upwards.
There is a stone staircase leading down here. 😨 HP[-2]
You take 2 damage, and now have 7/23 hp.
Natasha closely misses you. Natasha claws you but does no damage.
Natasha casts a spell.
Natasha closely misses you.
You riposte.
You hit Natasha but do no damage. Natasha claws you!
You die...

Skill      XL: |  1  2  3 |
---------------+----------+-----
Translocations | 3 |  3.1
Fighting       | 3 |  3.0
Long Blades    | |  1.7
Throwing       | |  0.8
Armour         | |  1.1
Dodging        | |  1.5
Spellcasting   | |  2.5

Action                   || total
-------------------------++-------
Melee: Falchion          ||    91
Throw: Boomerang         ||     4
 Stab: Sleeping          ||     1
Armor: Leather armour    ||    44
Dodge: Dodged            ||    83
       Rpst.: Falchion   ||    23

Levels and vault maps discovered:
D:1:      arrival_zaba_pyramid, layout_basic,
          hellmonk_ecumenical_altar_crossroads, minmay_worlds_worst_comb
D:2:      minmay_inner_zag, layout_basic, uniq_terence, uniq_sigmund,
          uniq_natasha

Notes
Turn   | Place    | Note
-------+----------+-------------------------------------------
     0 | D:1      | Skeral the Gargoyle Warper began the quest for the Orb.
     0 | D:1      | Reached XP level 1. HP: 12/12 MP: 3/3
     0 | D:1      | magus.rc [v1.10.3]
   193 | D:1      | Reached XP level 2. HP: 12/18 MP: 5/5
   319 | D:1      | Found a faded altar of an unknown god.
   357 | D:1      | Reached skill level 3 in Translocations
   473 | D:1      | Reached XP level 3. HP: 18/22 MP: 6/6
   801 | D:1      | Reached skill level 3 in Fighting
   934 | D:2      | Noticed Natasha
   956 | D:1      | Slain by Natasha

Vanquished Creatures
  2 dart slugs (D:1)
  2 endoplasms (D:1)
  4 giant cockroaches (D:1)
  3 goblins (D:1)
  3 hobgoblins (D:1)
  2 jackals (D:1)
  A quokka (D:1)
  5 ball pythons (D:1)
  4 bats (D:1)
  A frilled lizard (D:1)
  A kobold (D:1)
  2 rats (D:1)
30 creatures vanquished.

Table legend:
 A = Non-vault XP
 B = Vault XP
 C = Vault XP percentage of total XP
 D = Non-vault monster count
 E = Vault monster count
 F = Vault count percentage of total count
                 A         B        C        D         E       F
            +---------+---------+-------+---------+---------+-------
      Total |      48 |       6 |  11.1 |      27 |       3 |  10.0
            +---------+---------+-------+---------+---------+-------
        D:1 |      48 |       6 |  11.1 |      27 |       3 |  10.0
            +---------+---------+-------+---------+---------+-------

Illustrated notes

Table legend:
 A = Kills in this place as a percentage of kills in entire the game.
 B = Kills by you in this place as a percentage of kills by you in the entire game.
 C = Kills by friends in this place as a percentage of kills by friends in the entire game.
 D = Other kills in this place as a percentage of other kills in the entire game.
 E = Experience gained in this place as a percentage of experience gained in the entire game.
 F = Experience gained in this place divided by the number of levels of this place that you have seen.
                   A       B       C       D       E      F
               +-------+-------+-------+-------+-------+----------------------
         Total | 100.0 | 100.0 |   N/A |   N/A | 100.0 |  27.0
       Dungeon | 100.0 | 100.0 |   N/A |   N/A | 100.0 |  27.0
               +-------+-------+-------+-------+-------+----------------------

Table legend: (Time is in decaauts)
 A = Elapsed time spent in this place.
 B = Non-inter-level travel time spent in this place.
 C = Inter-level travel time spent in this place.
 D = Time resting spent in this place.
 E = Time spent auto-exploring this place.
 F = Levels seen in this place.
 G = Mean time per level.
                   A        B        C        D        E       F      G
               +--------+--------+--------+--------+--------+-----+--------+
         Total |    983 |    856 |    127 |      0 |    222 |   2 |  491.5 |
       Dungeon |    983 |    856 |    127 |      0 |    222 |   2 |  491.5 |
               +--------+--------+--------+--------+--------+-----+--------+

Top non-repeatable levels by time:
     D:1: 958 daAuts
     D:2: 24 daAuts
